 Dungeon Crawl Stone Soup version 0.30.0-29-ga12c61a403 (webtiles) character file.

Game seed: 9125698045862887786

15 ChadusMaximus the Caller (level 2, -6/19 HPs)
             Began as a Barachi Summoner on June 24, 2023.
             Killed by nerve-wracking pain
             ... invoked by Jessica
              (9 damage)
             ... on level 2 of the Dungeon.
             The game lasted 00:01:10 (1063 turns).

ChadusMaximus the Caller (Barachi Summoner)         Turns: 1063, Time: 00:01:10

Health: -6/19      AC:  2    Str:  9    XL:     2   Next: 50%
Magic:  3/5        EV: 12    Int: 15    God:
Gold:   58         SH:  0    Dex: 12    Spells: 3/6 levels left

rFire   . . .        j - +0 short sword
rCold   . . .        (no shield)
rNeg    . . .        a - +0 robe
rPois   .            (no helmet)
rElec   .            c - scarf {repulsion}
rCorr   .            (no gloves)
SInv    .            (no boots)
Will    .....        (no amulet)
Stlth   ++           (no ring)
HPRegen 0.23/turn    (no ring)
MPRegen 0.09/turn

%: repel missiles
@: slow
A: amphibious, slowness 1, strong legs 1, +LOS
a: Hop


You were on level 2 of the Dungeon.
You visited 1 branch of the dungeon, and saw 2 of its levels.

You collected 58 gold pieces.

Inventory:

Hand Weapons
 j - a +0 short sword (weapon)
Armour
 a - a +0 robe (worn)
 c - a scarf of repulsion (worn)
Scrolls
 d - a scroll of vulnerability {unknown}
 f - 2 scrolls of identify {unknown}
 i - a scroll of noise {unknown}
Potions
 b - 2 potions of magic
 e - 3 potions of curing {unknown}
 g - 2 potions of berserk rage {unknown}
 h - a potion of lignification {unknown}


   Skills:
 - Level 2.1 Dodging
 - Level 1.7 Stealth
 + Level 2.5 Spellcasting
 * Level 5.3 Summonings


You had 3 spell levels left.
You knew the following spells:

 Your Spells              Type           Power      Damage    Failure   Level
a - Summon Small Mammal   Summ           72%        N/A       2%          1
b - Call Imp              Summ           36%        N/A       3%          2

Your spell library contained the following spells:

 Spells                   Type           Power      Damage    Failure   Level
 Call Canine Familiar     Summ           18%        N/A       7%          3
 Summon Guardian Golem    Hex/Summ       10%        N/A       21%         3
 Dazzling Flash           Conj/Hex       2%         N/A       54%         3
 Volatile Blastmotes      Fire/Tloc      2%         2d10      54%         3
 Summon Lightning Spire   Summ/Air       10%        N/A       56%         4
 Iskenderun's Mystic Bla  Conj/Tloc      1%         2d3       91%         4
 Starburst                Conj/Fire      0%         6d3       100%        6


Dungeon Overview and Level Annotations

Branches:
Dungeon (2/15)

Altars:

Annotations:
D:2 Jessica


Innate Abilities, Weirdness & Mutations

You are amphibious.
You cover ground slowly.
You can hop short distances.
You have an extended range of vision and can be seen from far away.


Message History

Found 14 gold pieces.
Jessica shouts!
Jessica is nearby!
Casting: Summon Small Mammal (safe; 2% risk of failure)
Confirm with . or Enter, or press ? or * to list all spells.
A tiny devil pulls itself out of the air.
Jessica hits you but does no damage.
Unknown command.
You hit Jessica.
Jessica is lightly wounded.
Jessica gestures wildly while chanting.
Jessica seems to speed up.
Your cerulean imp hits Jessica but does no damage.
Unknown command.
You barely miss Jessica.
Jessica is lightly wounded.
Jessica barely misses you.
Your cerulean imp hits Jessica with a -3 spear.
You barely miss Jessica.
Jessica is moderately wounded.
Jessica hits you with a +0 dagger. x2
Your cerulean imp hits Jessica with a -3 spear.
Unknown command.
You barely miss Jessica.
Jessica is heavily wounded.
Jessica barely misses you.
Your cerulean imp closely misses Jessica.
You hit Jessica.
Jessica is almost dead.
Jessica points at you and mumbles some strange words.
You barely resist. Jessica hits you with a +0 dagger!
* * * LOW HITPOINT WARNING * * *
Your cerulean imp barely misses Jessica.
Unknown command.
Unknown command.
You barely miss Jessica.
Jessica is almost dead.
Jessica points at you and mumbles some strange words.
Pain shoots through your body!
You die...

#####
#.@@#
#5#.#
# #.#
#.#
#<#
###


You could see Jessica (fast, ally target) and a friendly cerulean imp
(summoned).

Vanquished Creatures
  A giant cockroach (D:1)
  A goblin (D:2)
  3 ball pythons
  A bat (D:1)
  A frilled lizard (D:1)
  A kobold (D:1)
  A rat (D:1)
9 creatures vanquished.

Vanquished Creatures (collateral kills)
  A bat (D:2)
  2 hobgoblins
  A quokka (D:1)
  A ball python (D:1)
  A goblin (D:1)
  A rat (D:1)
7 creatures vanquished.

Grand Total: 16 creatures vanquished

Notes
Turn   | Place    | Note
-------+----------+-------------------------------------------
     0 | D:1      | ChadusMaximus the Barachi Summoner began the quest for the
                  | Orb.
     0 | D:1      | Reached XP level 1. HP: 13/13 MP: 3/3
   306 | D:1      | Reached skill level 5 in Summonings
   369 | D:1      | Reached XP level 2. HP: 15/19 MP: 1/5
   442 | D:1      | You fall into a shaft and drop 1 floor!
  1023 | D:1      | Learned a level 2 spell: Call Imp
  1056 | D:2      | Noticed Jessica
  1063 | D:2      | Killed from afar by Jessica

Illustrated notes

Levels and vault maps discovered:
D:1:      zaba_arrival_water, layout_rooms, nrook_campfire,
          chequers_serial_rivers_room_b
D:2:      layout_basic, guppyfry_early_lair_pool, uniq_jessica

Skill      XL: |  1 |
---------------+----+-----
Summonings     | 5 |  5.3
Dodging        | |  2.1
Stealth        | |  1.7
Spellcasting   | |  2.5

Action                     || total
---------------------------++-------
  Melee: Unarmed           ||    40
         Punch             ||     1
         Short sword       ||    16
   Cast: Summon Small Mamm ||    12
         Call Imp          ||     1
Ability: Hop               ||     1
   Stab: Sleeping          ||     3
         Distracted        ||     1
 Armour: Robe              ||    12
  Dodge: Dodged            ||    42
